 Dungeon Crawl Stone Soup version 0.28-a0-1190-g77e1c55843 (webtiles) character file.

Game seed: 2782166872577659246

6426 Armakuni the Fighter (level 11, 0/87 HPs)
             Began as a Human Fighter on Dec 18, 2021.
             Was an Elder of Jiyva.
             Slain by a sun demon (17 damage)
             ... on level 2 of the Abyss.
             The game lasted 00:25:05 (9628 turns).

Armakuni the Fighter (Human Fighter)                Turns: 9628, Time: 00:25:05

Health: 0/87       AC:  7    Str: 20    XL:     11   Next: 18%
Magic:  6/8        EV: 16    Int: 12    God:    Jiyva [****..]
Gold:   578        SH:  0    Dex: 12    Spells: 10/10 levels left

rFire   . . .      SeeInvis .   a - +0 quarterstaff
rCold   . . .      Faith    .   (shield currently unavailable)
rNeg    + . .      Spirit   .   e - +0 scale mail
rPois   .          Reflect  .   i - +2 hat
rElec   .          Harm     .   (no cloak)
rCorr   +          Rampage  .   (no gloves)
Will    .....                   (no boots)
Stlth   ..........              A - amulet of the acrobat
HPRegen 1.52/turn               E - +4 ring of evasion
MPRegen 0.51/turn               N - ring of positive energy

@: slimy, on berserk cooldown, studying Conjurations
A: clever 2, acidic bite, MP-powered wands, engulf, [clumsy 1], [deformed body],
[low mp 2]
a: Renounce Religion, Oozemancy, Slimify


You were on level 2 of the Abyss.
You worshipped Jiyva.
Jiyva was greatly pleased with you.
You visited 2 branches of the dungeon, and saw 11 of its levels.
You visited the Abyss 1 time.

You collected 578 gold pieces.

Inventory:

Hand Weapons
 a - a +0 quarterstaff (weapon)
 b - a +3 longbow of venom
 g - a +1 dagger of venom
 j - a +0 flail
 r - the +5 long sword of Foudiep {pain, +Blink Will+ Str+3 Dex+2}
   (You found it on level 2 of the Abyss)

   In the hands of one skilled in necromantic magic, it inflicts extra damage on
   living creatures.
   Str:       It affects your strength (+3).
   Dex:       It affects your dexterity (+2).
   +Blink:    It lets you blink.
   Will:      It increases your willpower.
 w - a +0 flail of holy wrath
Missiles
 l - 206 arrows
Armour
 c - a +0 buckler
 e - a +0 scale mail (worn)
 i - a +2 hat (worn)
Magical Staves
 m - a staff of death
 o - a staff of earth
Jewellery
 u - the ring "Sis Zijeig" {rN+ Str-5 Int+3 Dex+6 Stlth+}
   (You found it on level 10 of the Dungeon)

   [ring of dexterity]

   Str:       It affects your strength (-5).
   Int:       It affects your intelligence (+3).
   Dex:       It affects your dexterity (+6).
   rN:        It protects you from negative energy.
   Stlth:     It makes you more stealthy.
 A - an amulet of the acrobat (around neck)
 E - a +4 ring of evasion (left hand)
 F - a ring of fire
 N - a ring of positive energy (right hand)
Wands
 p - a wand of flame (72)
Scrolls
 f - a scroll of summoning
 k - a scroll of identify
 q - 2 scrolls of fog
 s - a scroll of vulnerability
Potions
 d - 2 potions of might
 n - 4 potions of heal wounds
 t - a potion of attraction
 x - 3 potions of curing
 z - a potion of magic
 B - a potion of mutation
 G - a potion of flight {unknown}
Miscellaneous
 v - a condenser vane (inert)


   Skills:
 - Level 8.3 Fighting
 - Level 3.2(5.9) Maces & Flails
 + Level 7.8(8.1) Staves
 - Level 3.0 Bows
 - Level 7.9 Armour
 - Level 7.1 Dodging
 - Level 4.0 Shields
 + Level 3.5 Evocations


You had 10 spell levels left.
You didn't know any spells.
Your spell library contained the following spells:

 Spells                   Type           Power      Damage    Failure   Level
 Corpse Rot               Necr/Air       0%         N/A       77%         2
 Ensorcelled Hibernation  Hex/Ice        0%         N/A       77%         2
 Poisonous Vapours        Pois/Air       0%         N/A       77%         2
 Scorch                   Fire           0%         2d5       77%         2
 Ozocubu's Armour         Ice            0%         N/A       94%         3
 Summon Guardian Golem    Hex/Summ       0%         N/A       94%         3
 Tukima's Dance           Hex            0%         N/A       94%         3
 Animate Dead             Necr           0%         N/A       100%        4
 Flame Wave               Conj/Fire      0%         2d4       100%        4
 Borgnjor's Vile Clutch   Necr/Erth      0%         N/A       100%        5
 Metabolic Englaciation   Hex/Ice        0%         N/A       100%        5
 Death Channel            Necr           0%         N/A       100%        6
 Simulacrum               Ice/Necr       0%         N/A       100%        6
 Summon Cactus Giant      Summ           0%         N/A       100%        6
 Orb of Destruction       Conj           0%         N/A       100%        7
 Spellforged Servitor     Conj/Summ      0%         N/A       100%        7


Dungeon Overview and Level Annotations

Branches:
Dungeon (10/15)            Temple (1/1) D:7            Lair (0/6) D:8
    Orc (0/2) D:9

Altars:
Cheibriados
Dithmenos
Elyvilon
Fedhas
Gozag
Hepliaklqana
Kikubaaqudgha
Makhleb
Nemelex Xobeh
Okawaru
Ru
Sif Muna
Trog
Uskayaw
Vehumet
Wu Jian
Xom
Yredelemnul
Zin
The Shining One
Jiyva

Shops:
D:4 =

Annotations:
D:8 3 runed translucent doors, ma3's ghost, novice DsGl
D:10 Erolcha; Gastronok


Innate Abilities, Weirdness & Mutations

Your mind is very acute. (Int +4)
You have acidic saliva.
You expend magic power (3 MP) to strengthen your wands.
Your melee attacks may engulf your foes in ooze.
[You are clumsy. (Dex -2)]
[Armour fits poorly on your strangely shaped body.]
[Your magical capacity is very low. (-20% MP)]


Message History

A spatial vortex comes into view.
Found a potion of heal wounds.
You now have 578 gold pieces (gained 8).
There are no items here.
Okay, then.
Unknown command.
Adjust (i)tems, (s)pells, or (a)bilities?
Adjust which ability? b - Slimify Adjust to which letter? s - Slimify Adjust (i)tems, (s)pells, or (a)bilities?
Adjust which ability? a - Oozemancy Adjust to which letter? o - Oozemancy
Found 27 gold pieces.
A raiju comes into view.
A sun demon comes into view.
The sun demon shouts!
You hear a horrible gurgling sound!
A spatial vortex comes into view.
The sun demon completely misses you.
A spatial vortex comes into view.
You see here a +0 trident.
A thick mucus forms on your +0 quarterstaff.
You will no longer expel jellies when injured.
The sun demon hits you.
You are engulfed in flames!
The sun demon hits you!
You are engulfed in flames!
You barely miss the sun demon. The sun demon hits you!
You are engulfed in flames!
* * * LOW HITPOINT WARNING * * *
You sock the sun demon!
You engulf the sun demon in ooze!
The sun demon is moderately wounded.
The sun demon is asphyxiated!
The sun demon misses you. The sun demon closely misses you.
You barely miss the sun demon.
The sun demon is moderately wounded.
You feel yourself speed up.
The sun demon is asphyxiated! x2; The sun demon hits you!
You die...

.. ###... .. ...... .#
..... . .. . # .#
######...# .# # # #..
##........#..# .#..
.###.#..........# .
##.#..........3.......
# . #...##.#...@.......
#.#.#.#.......####....#
# . #..#.....### #..
##. # ...##.... ..##.v.
.#.. # #...#.#.#..###..
...#.#..... .#.$.. .#
#..#.#.##..# .. ....#
.#..# # #. #.


You could see a sun demon (asphyxiating) and a spatial vortex.

Vanquished Creatures
  A boulder beetle (D:8)
  A worldbinder (Abyss:2)
  An apocalypse crab (Abyss:2)
  2 trolls
  A wyvern (D:8)
  A wraith (D:9)
  2 steam dragons (D:8)
  2 acid dragons
  A water moccasin (D:5)
  2 orc warriors
  A small abomination (Abyss:2)
  2 ice beasts
  2 sky beasts
  A necrophage (D:7)
  An ogre (D:6)
  6 centaurs
  A phantom (D:5)
  Blork the orc (D:6)
  2 bullfrogs (D:8)
  2 gnoll sergeants
  6 scorpions
  2 water moccasin skeletons
  A wyvern skeleton (D:5)
  A howler monkey (D:7)
  A centaur zombie (D:7)
  4 hounds
  2 bullfrog zombies
  3 jellies
  2 centaur skeletons
  A gnoll shaman (D:4)
  An iguana (D:6)
  2 scorpion zombies (D:5)
  An orc wizard (D:7)
  A killer bee zombie (D:7)
  2 howler monkey zombies
  7 adders
  11 gnolls
  A shadow imp (D:6)
  2 ufetubi
  4 worms
  2 dart slugs (D:2)
  26 orcs
  5 endoplasms
  3 giant cockroaches
  2 goblins
  5 hobgoblins
  8 jackals
  9 kobolds
  5 quokkas
  5 ball pythons
  14 bats
  4 frilled lizards
  4 rats
180 creatures vanquished.

Vanquished Creatures (collateral kills)
  A wretched star (Abyss:2)
  A troll (D:9)
2 creatures vanquished.

Vanquished Creatures (others)
  A glowing orange brain (Abyss:2)
  A meliai (shapeshifter) (Abyss:2)
  3 slime creatures (Abyss:2)
  2 jellies (Abyss:2)
  13 fungi (D:7)
  3 starspawn tentacles (Abyss:2)
23 creatures vanquished.

Grand Total: 205 creatures vanquished

Notes
Turn   | Place    | Note
-------+----------+-------------------------------------------
     0 | D:1      | Armakuni the Human Fighter began the quest for the Orb.
     0 | D:1      | Reached XP level 1. HP: 18/18 MP: 1/1
    94 | D:1      | Reached XP level 2. HP: 24/24 MP: 2/2
   519 | D:1      | Reached XP level 3. HP: 22/29 MP: 3/3
   701 | D:1      | Found a faded altar of an unknown god.
  1790 | D:2      | Reached XP level 4. HP: 36/36 MP: 4/4
  1981 | D:2      | Reached XP level 5. HP: 16/42 MP: 5/5
  2233 | D:2      | Identified a scroll of acquirement
  2233 | D:2      | Acquired a manual of Conjurations
  2594 | D:3      | Found a shimmering altar of Xom.
  2756 | D:3      | Reached skill level 1 in Bows
  2780 | D:3      | Reached XP level 6. HP: 22/48 MP: 6/6
  3456 | D:3      | Reached skill level 4 in Fighting
  3489 | D:4      | You fall into a shaft and drop 3 floors!
  3513 | D:7      | Reached skill level 1 in Dodging
  3522 | D:7      | Gained mutation: You expend magic power (3 MP) to
                  | strengthen your wands. [potion of mutation]
  3589 | D:7      | Reached XP level 7. HP: 17/55 MP: 7/7
  4027 | D:5      | Entered Level 5 of the Dungeon
  4091 | D:5      | Reached skill level 1 in Staves
  4097 | D:5      | Noticed a water moccasin
  4259 | D:5      | Reached skill level 5 in Fighting
  4318 | D:5      | Killed a water moccasin
  4319 | D:5      | Reached XP level 8. HP: 55/62 MP: 8/8
  4734 | D:4      | Found an ornate altar of the Wu Jian Council.
  4864 | D:4      | Reached skill level 5 in Armour
  5007 | D:4      | Found Vanappupis's Jewellery Boutique.
  5515 | D:6      | Reached skill level 6 in Fighting
  5515 | D:6      | Reached XP level 9. HP: 69/69 MP: 9/9
  5585 | D:6      | Found a hide-covered altar of Uskayaw.
  5589 | D:6      | Found a shadowy altar of Dithmenos.
  5589 | D:6      | Found a sparkling altar of Nemelex Xobeh.
  5594 | D:6      | Found an iron altar of Okawaru.
  5689 | D:6      | Noticed Blork the orc
  5691 | D:6      | Killed Blork the orc
  6365 | D:7      | Reached skill level 5 in Dodging
  6856 | D:7      | Found a staircase to the Ecumenical Temple.
  6867 | Temple   | Entered the Ecumenical Temple
  6987 | Temple   | Became a worshipper of Jiyva Jeniy the Shapeless
  7061 | D:7      | Found a basalt altar of Yredelemnul.
  7084 | D:7      | Reached skill level 7 in Fighting
  7084 | D:7      | Reached skill level 5 in Staves
  7269 | D:8      | Found a staircase to the Lair.
  7278 | D:8      | Found a runed translucent gate.
  7278 | D:8      | Noticed ma3's ghost (novice DsGl)
  7290 | D:8      | Found a runed translucent gate.
  7290 | D:8      | Found a runed translucent gate.
  7369 | D:8      | Found a radiant altar of Vehumet.
  7611 | D:8      | Reached * piety under Jiyva
  7637 | D:8      | Reached XP level 10. HP: 79/79 MP: 10/10
  7647 | D:8      | Noticed a boulder beetle
  7656 | D:8      | Killed a boulder beetle
  7799 | D:8      | Found a glowing silver altar of Zin.
  7799 | D:8      | Found a white marble altar of Elyvilon.
  7799 | D:8      | Found a glowing golden altar of the Shining One.
  8123 | D:8      | Reached ** piety under Jiyva
  8303 | D:9      | Found a staircase to the Orcish Mines.
  8356 | D:9      | Found a snail-covered altar of Cheibriados.
  8368 | D:9      | Reached skill level 8 in Fighting
  8719 | D:9      | Reached *** piety under Jiyva
  8802 | D:9      | HP: 2/80 [troll (6)]
  8970 | D:10     | Entered Level 10 of the Dungeon
  9003 | D:10     | Gained mutation: Your mind is acute. (Int +2) [Jiyva's
                  | grace]
  9003 | D:10     | Gained mutation: Your mind is very acute. (Int +4) [Jiyva's
                  | grace]
  9003 | D:10     | Gained mutation: Your melee attacks may engulf your foes in
                  | ooze. [Jiyva's grace]
  9003 | D:10     | Gained mutation: You have acidic saliva. [Jiyva's grace]
  9147 | D:10     | Identified the ring "Sis Zijeig" {rN+ Str-5 Int+3 Dex+6
                  | Stlth+}
  9154 | D:10     | Noticed Gastronok
  9154 | D:10     | Noticed a two-headed ogre
  9158 | D:10     | Noticed Erolcha
  9158 | D:10     | Cast into level 2 of the Abyss (Erolcha)
  9160 | Abyss:2  | Reached **** piety under Jiyva
  9199 | Abyss:2  | Noticed a bone dragon
  9222 | Abyss:2  | Noticed a sixfirhy
  9262 | Abyss:2  | Noticed a wretched star
  9275 | Abyss:2  | Noticed a bone dragon
  9277 | Abyss:2  | Killed a wretched star
  9278 | Abyss:2  | Reached XP level 11. HP: 30/69 MP: 5/8
  9359 | Abyss:2  | Identified the +5 long sword of Foudiep {pain, +Blink Will+
                  | Str+3 Dex+2}
  9487 | Abyss:2  | Killed a glowing orange brain
  9502 | Abyss:2  | Noticed a worldbinder
  9506 | Abyss:2  | Noticed a bog body
  9508 | Abyss:2  | Noticed a bog body
  9508 | Abyss:2  | Noticed a bog body
  9508 | Abyss:2  | Killed a worldbinder
  9574 | Abyss:2  | Noticed a spatial maelstrom
  9585 | Abyss:2  | Reached ***** piety under Jiyva
  9598 | Abyss:2  | Paralysed by you for 5 turns
  9622 | Abyss:2  | Noticed a sun demon
  9628 | Abyss:2  | Slain by a sun demon

Illustrated notes

Levels and vault maps discovered:
D:1:      lemuel_arrival_hallway, layout_basic,
          hellmonk_ecumenical_altar_pennies_from_heaven
D:2:      layout_loops_ring, minmay_misc_feat_room, st_stairs_10
D:3:      layout_loops_ring, mainiacjoe_overflow_catwalk, cheibrodos_gnoll_hut
D:4:      layout_cave_pools, nicolae_wu_jian_immortal_techniques, serial_shops,
          nicolae_lakefront_shop
D:5:      layout_rooms, st_stairs_3, minmay_joined_circles
D:6:      layout_cave_pods, grunt_temple_overflow_open, uniq_blork_the_orc
D:7:      old_forge, layout_cave_pools, yredelemnul_altar_generic,
          minmay_temple_entry_antechambers
D:8:      layout_gridville, good_gods_mini_temple, vehumet_crystals,
          lair_entry_dummy, ebering_ghost_rock_garden
D:9:      layout_gridville, lemuel_crystal_altar
D:10:     layout_loops_ring, nicolae_qazlal_style_of_elements,
          nicolae_twisting_strands, uniq_gastronok, uniq_snorg, uniq_erolcha
Temple:   pf_slime_end_temple
Abyss:2:  base: D:4, evilmike_abyss_exit_16

Skill      XL: |  1  2  3  4  5  6  7  8  9 10 11 |
---------------+----------------------------------+-----
Maces & Flails | 3 |  3.2
Shields        | 4 |  4.0
Bows           | 2 3 |  3.0
Fighting       | 4 5 6 7 8 |  8.3
Dodging        | 1 3 4 5 7 |  7.1
Armour         | 4 5 6 7 |  7.9
Staves         | 2 3 5 7 |  7.8
Evocations     | 2 3 |  3.5

Action                   |  1- 3 |  4- 6 |  7- 9 | 10-12 || total
-------------------------+-------+-------+-------+-------++-------
Melee: Flail             |    64 |    12 |       |     2 ||    78
       Dagger            |    42 |   118 |       |       ||   160
       Quarterstaff      |       |       |   107 |    40 ||   147
       Bite              |       |       |       |     3 ||     3
 Fire: Longbow           |       |    13 |   202 |    62 ||   277
Throw: Throwing net      |       |       |     1 |       ||     1
Invok: Slimify           |       |       |       |     1 ||     1
Evoke: Wand              |       |       |       |     6 ||     6
       Condenser vane    |       |       |       |     1 ||     1
  Use: Potion            |     3 |     3 |       |     2 ||     8
       Scroll            |     1 |     2 |     2 |    13 ||    18
 Stab: Held in net/web   |       |       |     1 |       ||     1
Armor: Scale mail        |    51 |    72 |   130 |    14 ||   267
       Skin              |       |    22 |       |       ||    22
Dodge: Dodged            |    61 |    86 |   217 |    88 ||   452
Block: Buckler           |    32 |    21 |       |       ||    53

Table legend: (Time is in decaauts)
 A = Elapsed time spent in this place.
 B = Non-inter-level travel time spent in this place.
 C = Inter-level travel time spent in this place.
 D = Time resting spent in this place.
 E = Time spent auto-exploring this place.
 F = Levels seen in this place.
 G = Mean time per level.
                   A        B        C        D        E       F      G
               +--------+--------+--------+--------+--------+-----+--------+
         Total |   9807 |   9566 |    241 |   1301 |   5890 |  12 |  817.2 |
       Dungeon |   9182 |   8959 |    223 |   1118 |   5784 |  10 |  918.2 |
        Temple |    139 |    121 |     18 |      0 |    106 |   1 |  139.0 |
         Abyss |    485 |    485 |      0 |    183 |      0 |   1 |  485.0 |
               +--------+--------+--------+--------+--------+-----+--------+

Top non-repeatable levels by time:
     D:1: 1349 daAuts
     D:7: 1208 daAuts
     D:6: 1145 daAuts
     D:3: 1109 daAuts
     D:8: 1058 daAuts
     D:2: 1040 daAuts
     D:4: 704 daAuts
     D:5: 698 daAuts
     D:9: 675 daAuts
 Abyss:2: 485 daAuts
    D:10: 192 daAuts
  Temple: 139 daAuts
